 Dungeon Crawl Stone Soup version 0.22.0-6-g71bd7aa (webtiles) character file.

110 digijack the Firebug (level 4, -1/36 HPs)
             Began as a Hill Orc Fire Elementalist on Aug 15, 2018.
             Was an Initiate of Zin.
             Killed by nerve-wracking pain
             ... invoked by an orc priest
              (2 damage)
             ... on level 3 of the Dungeon.
             The game lasted 00:16:29 (2565 turns).

digijack the Firebug (Hill Orc Fire Elementalist)   Turns: 2565, Time: 00:16:30

Health: -1/36      AC:  4    Str: 10    XL:     4   Next: 91%
Magic:  0/7        EV: 11    Int: 15    God:    Zin [......]
Gold:   23         SH:  3    Dex: 12    Spells: 4/7 levels left

rFire    . . .     SeeInvis .   d - +0 whip
rCold    . . .     Gourm    .   (no shield)
rNeg     . . .     Faith    .   h - +0 leather armour
rPois    .         Spirit   .   a - +1 hat
rElec    .         Reflect  +   (no cloak)
rCorr    .         Harm     .   (no gloves)
MR       .....                  (no boots)
Stlth    ++........             g - +3 amulet of reflection
HPRegen  0.12/turn              (no ring)
MPRegen  0.10/turn              (no ring)

@: about to teleport, very slightly contaminated
A: no striking features
a: Donate Gold, Renounce Religion, Convert to Beogh


You were on level 3 of the Dungeon.
You worshipped Zin.
Zin was noncommittal.
You were not hungry.

You visited 1 branch of the dungeon, and saw 3 of its levels.

You collected 25 gold pieces.
You donated 2 gold pieces to Zin.

Inventory:

Hand Weapons
 d - a +0 whip (weapon)
Missiles
 e - 15 stones (quivered)
Armour
 a - a +1 hat (worn)
 h - a +0 leather armour (worn)
Jewellery
 g - a +3 amulet of reflection (around neck)
Scrolls
 b - a scroll of teleportation
 i - a scroll of amnesia
 j - a scroll of identify
 k - 2 scrolls of remove curse
Comestibles
 c - 3 rations


   Skills:
 + Level 1.9 Fighting
 + Level 1.6 Armour
 - Level 1.6 Dodging
 - Level 1.7 Stealth
 + Level 2.2 Spellcasting
 + Level 2.1 Conjurations
 + Level 3.9 Fire Magic


You had 4 spell levels left.
You knew the following spells:

 Your Spells              Type           Power        Failure   Level  Hunger
a - Flame Tongue          Conj/Fire      ##...        9%          1    #......
b - Throw Flame           Conj/Fire      ##....       13%         2    ###....

Your spell library contained the following spells:

 Spells                   Type           Power        Failure   Level  Hunger
 Fireball                 Conj/Fire      ##........   93%         5    ######.
 Conjure Flame            Conj/Fire      ##......     26%         3    ###....
 Sticky Flame             Conj/Fire      ##......     63%         4    #####..
 Inner Flame              Hex/Fire       #.......     36%         3    ###....


Dungeon Overview and Level Annotations

Branches:
Dungeon (3/15)

Altars:
Cheibriados
Makhleb
Zin


Message History

Beogh smites you!
* * * LOW HITPOINT WARNING * * *
Okay, then.
You feel better. The orc priest barely misses you.
You barely miss the orc priest.
The orc priest shouts, "Surrender to Beogh and we'll let you live!"
The orc priest completely misses you.
You hit the orc priest.
The orc priest is moderately wounded.
The orc priest closely misses you.
You barely miss the orc priest.
The orc priest is moderately wounded.
The orc priest mumbles some strange prayers to Beogh against you.
Beogh smites you!
* * * LOW HITPOINT WARNING * * *
As you read the scroll of teleportation, it crumbles to dust.
You feel strangely unstable.
The orc priest invokes the aid of Beogh against you.
Pain shoots through your body!
You die...

..# #.# #.# #<#
######.##########
..................
#.............###
#.........o##.#
#...###.##@# #
.... ...##.#
........##†# ..
....###.. .###
####


You could see an orc priest.

Vanquished Creatures
  2 adders (D:2)
  A gnoll (D:1)
  An ooze (D:1)
  A dart slug (D:1)
  A leopard gecko (D:2)
  3 orcs (D:3)
  10 bats
  3 giant cockroaches
  9 hobgoblins
  5 jackals
  5 kobolds
  2 ball pythons
  11 frilled lizards
  7 goblins
  9 rats
70 creatures vanquished.

Notes
Turn   | Place    | Note
-------+----------+-------------------------------------------
     0 | D:1      | digijack the Hill Orc Fire Elementalist began the quest for the Orb.
     0 | D:1      | Reached XP level 1. HP: 14/14 MP: 3/3
   130 | D:1      | Reached XP level 2. HP: 22/22 MP: 1/4
   177 | D:1      | Learned a level 2 spell: Throw Flame
   469 | D:1      | Reached skill level 1 in Fighting
   580 | D:1      | Reached XP level 3. HP: 27/28 MP: 2/5
   875 | D:1      | Reached skill level 1 in Armour
  1400 | D:2      | Reached XP level 4. HP: 35/35 MP: 0/7
  1405 | D:2      | Found a snail-covered altar of Cheibriados.
  1727 | D:2      | Found a burning altar of Makhleb.
  1868 | D:2      | Found a glowing silver altar of Zin.
  1876 | D:2      | Became a worshipper of Zin the Law-Giver
  2529 | D:3      | Noticed Sigmund
  2564 | D:3      | HP: 1/36 [orc priest/divine providence (12)]
  2565 | D:3      | Killed from afar by an orc priest

Skill      XL: |  1  2  3  4 |
---------------+-------------+-----
Fighting       | 1 |  1.9
Armour         | 1 |  1.6
Spellcasting   | 2 |  2.2
Conjurations   | 2 |  2.1
Dodging        | |  1.6
Stealth        | |  1.7
Fire Magic     | |  3.9

Action                   |  1- 3 |  4- 6 || total
-------------------------+-------+-------++-------
Melee: Unarmed           |     2 |       ||     2
       Whip              |    30 |    38 ||    68
 Cast: Flame Tongue      |    40 |    23 ||    63
       Throw Flame       |    18 |    18 ||    36
  Use: Scroll            |     3 |     2 ||     5
       Potion            |       |     2 ||     2
  Eat: Chunk             |     4 |     5 ||     9
Armor: Robe              |     2 |       ||     2
       Leather armour    |     4 |    10 ||    14
Dodge: Dodged            |    26 |    37 ||    63
Block: Other             |     8 |     2 ||    10
